 Dungeon Crawl Stone Soup version 0.29-a0-830-gcb1280458a (webtiles) character file.

Game seed: 18342215679937383413

12196 iguanaiguana the Cleaver (level 11, -3/110 HPs)
             Began as a Minotaur Gladiator on July 12, 2022.
             Was an Elder of Trog.
             Slain by an entropy weaver simulacrum (5 damage)
             ... in an ice cave.
             The game lasted 00:40:38 (5645 turns).

iguanaiguana the Cleaver (Minotaur Gladiator)       Turns: 5645, Time: 00:40:39

Health: -3/110     AC: 16    Str: 24    XL:     11   Next: 59%
Magic:  10/10      EV:  9    Int:  9    God:    Trog [****..]
Gold:   363        SH:  5    Dex: 11    Spells: 10/10 levels left

rFire   + . .      SeeInvis .   e - +3 hand axe (vamp)
rCold   + . .      Faith    .   H - +0 buckler
rNeg    . . .      Spirit   .   r - +2 chain mail {rC+}
rPois   .          Reflect  .   c - +0 hat
rElec   .          Harm     .   q - +0 cloak
rCorr   .          Rampage  .   f - +0 pair of gloves
Will    .....                   M - +0 pair of boots
Stlth   ..........              z - amulet "Jewkyoz" {Acrobat Int+4}
HPRegen 0.28/turn               y - ring of protection from fire
MPRegen 0.12/turn               (no ring)

@: on berserk cooldown, slowed, very slow
A: horns 2, retaliatory headbutt
a: Renounce Religion, Berserk, Trog's Hand, Brothers in Arms


You were in an ice cave.
You worshipped Trog.
Trog was greatly pleased with you.
You visited 2 branches of the dungeon, and saw 12 of its levels.
You also visited: Sewer and Ice Cave.

You collected 363 gold pieces.

Inventory:

Hand Weapons
 a - a +0 war axe
 e - a +3 vampiric hand axe (weapon)
Missiles
 d - 4 throwing nets (quivered)
 s - a javelin
 I - 4 boomerangs
 J - 6 poisoned darts
Armour
 b - an orb of wrath
 c - a +0 hat (worn)
 f - a +0 pair of gloves (worn)
 q - a +0 cloak (worn)
 r - a +2 chain mail of cold resistance (worn)
 H - a +0 buckler (worn)
 M - a +0 pair of boots (worn)
Jewellery
 y - a ring of protection from fire (left hand)
 z - the amulet "Jewkyoz" (around neck) {Acrobat Int+4}
   (You found it on level 4 of the Dungeon)

   [amulet of the acrobat]

   It increases your evasion while moving and waiting.
   Int:       It affects your intelligence (+4).
Wands
 x - a wand of digging (2) {@v3}
 K - a wand of flame (8)
Scrolls
 h - 4 scrolls of enchant weapon
 i - 6 scrolls of fog
 k - a scroll of magic mapping {@r5}
 n - a scroll of noise
 o - a scroll of vulnerability
 p - a scroll of brand weapon
 t - a scroll of immolation {unknown}
 B - 2 scrolls of teleportation {unknown}
 D - a scroll of blinking {unknown}
 E - 2 scrolls of torment {unknown}
Potions
 j - 4 potions of curing {@q1}
 l - a potion of invisibility {unknown}
 m - a potion of might {@q3}
 u - a potion of resistance {unknown}
 v - a potion of cancellation {unknown}
 w - 5 potions of haste {@q4}
 A - 3 potions of attraction
 C - a potion of flight {unknown}
 F - a potion of brilliance
 G - a potion of heal wounds {unknown}
 L - a potion of mutation {unknown}


   Skills:
 - Level 14.0 Fighting
 - Level 14.0 Axes
 - Level 2.0 Throwing
 - Level 8.0 Armour
 - Level 4.0 Dodging
 - Level 5.0 Shields
 + Level 3.1 Evocations


You had 10 spell levels left.
You didn't know any spells.
Your spell library was empty.

Dungeon Overview and Level Annotations

Branches:
Dungeon (11/15) Zot: 26602  Temple (1/1) D:4 Zot: 5767    Lair (0/6) D:11
    Orc (0/2) D:11          Sewer (visited)           IceCv (1/1) Zot: 4870

Altars:
Ashenzari
Cheibriados
Dithmenos
Elyvilon
Gozag
Hepliaklqana
Kikubaaqudgha
Makhleb
Nemelex Xobeh
Ru
Sif Muna
Trog
Uskayaw
Vehumet
Wu Jian
Xom
Yredelemnul
The Shining One

Shops:
D:8 (


Innate Abilities, Weirdness & Mutations

You have a pair of horns on your head.
You reflexively headbutt those who attack you in melee.


Message History

The entropy weaver simulacrum freezes you!
You resist.
You barely miss the entropy weaver simulacrum.
The entropy weaver simulacrum is lightly damaged.
You hit the entropy weaver simulacrum but do no damage.
You headbutt the entropy weaver simulacrum, but do no damage.
The entropy weaver simulacrum is lightly damaged.
The entropy weaver simulacrum hits you.
The entropy weaver simulacrum freezes you!
You resist.
* * * LOW HITPOINT WARNING * * *
The entropy weaver simulacrum hits you.
* * * LOW HITPOINT WARNING * * *
The entropy weaver simulacrum freezes you!
You resist.
* * * LOW HITPOINT WARNING * * *
You closely miss the entropy weaver simulacrum.
The entropy weaver simulacrum is moderately damaged.
The entropy weaver simulacrum hits you.
* * * LOW HITPOINT WARNING * * *
The entropy weaver simulacrum freezes you!
You resist.
* * * LOW HITPOINT WARNING * * *
Okay, then.
Okay, then.
As you read the scroll labelled WEVYRPHAYZA, it crumbles to dust.
You hear a loud clanging noise!
It was a scroll of noise.
You hear a shout!
As you read the scroll labelled TIAQ UTAWIWN, it crumbles to dust.
It is a scroll of brand weapon.
Your +3 hand axe of electrocution thirsts for the lives of mortals!
e - a +3 vampiric hand axe (weapon)
The entropy weaver simulacrum hits you.
* * * LOW HITPOINT WARNING * * *
The entropy weaver simulacrum freezes you!
You resist.
* * * LOW HITPOINT WARNING * * *
The entropy weaver simulacrum hits you.
You die...

.#...## ##..###.##
......# #..## #[[##
#..#..####..###(..##
...##..# ##..#8..#.#
..####.##
##......#.# .##
#..## #......##.# ##
##..# #.......##.. #
#..###........#..
#### ##..###...@Z..#
...##
#..###.....##...#
....## ##..##.....#
..## .#...#
#..#.....## .#
###..# ##...##### #
#..## ##.## ##..##
### #...## ##....##
####


You could see an entropy weaver simulacrum.

Vanquished Creatures
  A cyclops (D:9)
  2 manticores (D:11)
  Joseph (D:9)
  A gargoyle (D:11)
  3 freezing wraiths (IceCv)
  A kobold demonologist (D:9)
  An anaconda simulacrum (IceCv)
  7 ice devils
  A troll (D:9)
  A hornet (D:8)
  A wyvern (D:7)
  6 yaks (D:11)
  A steam dragon (D:8)
  A death yak simulacrum (IceCv)
  3 harpy simulacra (IceCv)
  2 water moccasins
  4 orc warriors
  3 ice beasts
  2 sky beasts (D:7)
  2 centaurs
  A phantom (D:7)
  A kobold brigand (D:9)
  A necrophage (D:7)
  3 gnoll sergeants
  2 two-headed ogre simulacra (IceCv)
  2 scorpions (D:5)
  2 cane toad simulacra (IceCv)
  13 wights
  10 killer bees (D:7)
  2 elephant simulacra (IceCv)
  2 howler monkeys
  5 jellies
  Crazy Yiuf (D:3)
  10 orc priests
  A hound (D:6)
  3 iguanas
  Jessica (D:3)
  Terence (D:3)
  9 orc wizards
  Natasha (D:3)
  5 polar bear simulacra (IceCv)
  3 troll simulacra (IceCv)
  5 wolf simulacra (IceCv)
  12 gnolls
  5 adders
  A naga simulacrum (IceCv)
  A white imp (D:6)
  3 ufetubi
  3 dart slugs
  49 orcs
  7 ball pythons
  3 endoplasms
  5 giant cockroaches
  9 goblins
  3 hobgoblins
  9 jackals
  5 quokkas
  6 bats
  2 frilled lizards (D:1)
  17 kobolds
  2 rats (D:1)
270 creatures vanquished.

Vanquished Creatures (collateral kills)
  An anaconda simulacrum (IceCv)
  2 ice devils (IceCv)
  A death yak simulacrum (IceCv)
4 creatures vanquished.

Grand Total: 274 creatures vanquished

Notes
Turn   | Place    | Note
-------+----------+-------------------------------------------
     0 | D:1      | iguanaiguana the Minotaur Gladiator began the quest for the
                  | Orb.
     0 | D:1      | Reached XP level 1. HP: 18/18 MP: 0/0
   114 | D:1      | Reached XP level 2. HP: 25/25 MP: 1/1
   177 | D:1      | Reached skill level 5 in Axes
   299 | D:2      | Reached XP level 3. HP: 12/30 MP: 2/2
   873 | D:3      | Reached skill level 1 in Armour
   944 | D:3      | Found a runed translucent door.
   945 | D:3      | Noticed Crazy Yiuf
   952 | D:3      | Killed Crazy Yiuf
   953 | D:3      | Reached XP level 4. HP: 22/37 MP: 3/3
  1025 | D:3      | Noticed Terence
  1087 | D:3      | Killed Terence
  1177 | D:3      | Noticed Jessica
  1182 | D:3      | Killed Jessica
  1183 | D:3      | Reached XP level 5. HP: 45/45 MP: 4/4
  1190 | D:3      | Noticed Natasha
  1200 | D:3      | Killed Natasha
  1413 | D:5      | Entered Level 5 of the Dungeon
  1468 | D:4      | Reached XP level 6. HP: 51/51 MP: 5/5
  1514 | D:4      | Found a staircase to the Ecumenical Temple.
  1526 | Temple   | Entered the Ecumenical Temple
  1739 | Temple   | Became a worshipper of Trog the Wrathful
  1868 | D:4      | Identified the amulet "Jewkyoz" {Acrobat Int+4}
  2030 | D:4      | Reached skill level 5 in Fighting
  2049 | D:4      | Reached XP level 7. HP: 37/61 MP: 6/6
  2068 | D:4      | Found an ancient bone altar of Kikubaaqudgha.
  2068 | D:4      | Found a burning altar of Makhleb.
  2474 | D:6      | Found a glowing drain.
  2503 | D:6      | Reached * piety under Trog
  2534 | Sewer    | Entered a sewer
  2571 | Sewer    | Reached XP level 8. HP: 56/70 MP: 7/7
  2693 | D:6      | Reached skill level 10 in Axes
  2995 | D:7      | Reached ** piety under Trog
  2996 | D:7      | Reached XP level 9. HP: 58/78 MP: 8/8
  3122 | D:7      | Reached skill level 5 in Armour
  3241 | D:8      | Found Atsystre's Antique Weapon Emporium.
  3432 | D:8      | Reached *** piety under Trog
  3537 | D:9      | Noticed a troll
  3542 | D:9      | Killed a troll
  3583 | D:9      | Noticed Joseph
  3658 | D:9      | Noticed a kobold demonologist
  3660 | D:9      | Noticed an ice devil
  3666 | D:9      | Noticed a soul eater
  3667 | D:9      | Killed a kobold demonologist
  3671 | D:9      | Reached XP level 10. HP: 88/88 MP: 9/9
  3672 | D:9      | Killed Joseph
  3767 | D:9      | Noticed a cyclops
  3770 | D:9      | Killed a cyclops
  3771 | D:9      | Reached skill level 5 in Shields
  3869 | D:8      | Paralysed by a hornet for 2 turns
  4033 | D:10     | Entered Level 10 of the Dungeon
  4165 | D:11     | Found a staircase to the Orcish Mines.
  4199 | D:11     | Reached **** piety under Trog
  4242 | D:11     | Noticed a manticore
  4248 | D:11     | Killed a manticore
  4265 | D:11     | Noticed a gargoyle
  4286 | D:11     | Killed a gargoyle
  4323 | D:11     | Reached skill level 10 in Fighting
  4402 | D:11     | Noticed a manticore
  4411 | D:11     | Killed a manticore
  4449 | D:11     | Found a frozen archway.
  4466 | D:11     | Reached XP level 11. HP: 46/104 MP: 10/10
  4516 | IceCv    | Entered an ice cave
  5104 | IceCv    | Found an ancient bone altar of Kikubaaqudgha.
  5487 | IceCv    | Reached skill level 1 in Evocations
  5645 | IceCv    | HP: 2/110 [entropy weaver simulacrum (9)]
  5645 | IceCv    | Slain by an entropy weaver simulacrum

Illustrated notes

Levels and vault maps discovered:
D:1:      scummos_arrival_simple_crosswalls, layout_basic, minmay_hexomino_p4
D:2:      layout_basic
D:3:      layout_basic, gammafunk_ghost_mausoleum, uniq_crazy_yiuf_cottage,
          uniq_natasha, uniq_jessica, uniq_terence
D:4:      layout_basic, nicolae_overflow_two_pavilions,
          minmay_temple_entry_slanted
D:5:      layout_basic
D:6:      layout_cave_pods, nicolae_qazlal_scattered_showers,
          cheibrodos_sewer_entry_drain
D:7:      layout_layer_cave, minmay_fractal_squares_diagonal_5
D:8:      layout_gridville, serial_shops, shop
D:9:      layout_basic, nicolae_alphabet_shops, uniq_joseph
D:10:     layout_irregular_city, gammafunk_temple_overflow_claw,
          nicolae_trove_entry_path_of_doom, serial_shops,
          nicolae_shop_competitors_out_of_business, hangedman_decor_push
D:11:     layout_loops_ring, david_lair_generic, hiddenorc2_lemuel,
          portal_ice_cave_demonic_guard, nicolae_vehumet_radiance
Temple:   nicolae_temple_slightly_damp_pantheon
IceCv:    ice_cave_small_necro

Skill      XL: |  1  2  3  4  5  6  7  8  9 10 11 |
---------------+----------------------------------+-----
Axes           | 4 5 6 7 8 9 12 14 | 14.0
Armour         | 2 4 8 |  8.0
Fighting       | 3 5 6 8 11 14 | 14.0
Dodging        | 4 |  4.0
Shields        | 3 5 |  5.0
Evocations     | 3 |  3.1
Throwing       | |  2.0

Action                   |  1- 3 |  4- 6 |  7- 9 | 10-12 || total
-------------------------+-------+-------+-------+-------++-------
Melee: War axe           |   100 |       |       |       ||   100
       Headbutt          |     7 |    10 |    57 |    53 ||   127
       Punch             |     1 |       |     3 |       ||     4
       Mace              |     4 |     9 |       |       ||    13
       Hand axe          |       |    89 |   216 |   286 ||   591
Throw: Throwing net      |       |     3 |       |       ||     3
       Javelin           |       |     1 |       |       ||     1
       Boomerang         |       |       |       |     3 ||     3
Invok: Berserk           |       |       |     2 |    14 ||    16
       Trog's Hand       |       |       |       |     1 ||     1
       Brothers in Arms  |       |       |       |     1 ||     1
Evoke: Wand              |       |       |     1 |     2 ||     3
  Use: Scroll            |     4 |       |     4 |     4 ||    12
       Potion            |       |       |     1 |     2 ||     3
 Stab: Held in net/web   |       |     1 |       |       ||     1
Armor: Leather armour    |    24 |       |       |       ||    24
       Chain mail        |       |    50 |    92 |    92 ||   234
Dodge: Dodged            |    84 |    33 |   129 |   115 ||   361
Block: Buckler           |       |       |       |    54 ||    54

Table legend: (Time is in decaauts)
 A = Elapsed time spent in this place.
 B = Non-inter-level travel time spent in this place.
 C = Inter-level travel time spent in this place.
 D = Time resting spent in this place.
 E = Time spent auto-exploring this place.
 F = Levels seen in this place.
 G = Mean time per level.
                   A        B        C        D        E       F      G
               +--------+--------+--------+--------+--------+-----+--------+
         Total |   5639 |   3024 |   2615 |    569 |    342 |  14 |  402.8 |
       Dungeon |   4199 |   1686 |   2513 |     52 |    225 |  11 |  381.7 |
        Temple |    232 |    130 |    102 |      0 |    117 |   1 |  232.0 |
         Sewer |     79 |     79 |      0 |      0 |      0 |   1 |   79.0 |
      Ice Cave |   1128 |   1128 |      0 |    517 |      0 |   1 | 1128.0 |
               +--------+--------+--------+--------+--------+-----+--------+

Top non-repeatable levels by time:
   IceCv: 1128 daAuts
     D:8: 528 daAuts
     D:1: 522 daAuts
     D:3: 473 daAuts
     D:4: 464 daAuts
     D:7: 429 daAuts
    D:11: 395 daAuts
     D:2: 367 daAuts
     D:6: 359 daAuts
     D:9: 296 daAuts
     D:5: 289 daAuts
  Temple: 232 daAuts
   Sewer: 79 daAuts
    D:10: 72 daAuts
